 Dungeon Crawl Stone Soup version 0.29-a0-334-gb41bcbb86e (webtiles) character file.

Game seed: 12797309402837447423

18222 Astera the Summoner (level 12, -13/55 HPs)
             Began as a Felid Summoner on Mar 30, 2022.
             Was the Champion of Elyvilon.
             Killed by an exploding themself (35 damage)
             ... ignited by their inner flame
             ... on level 5 of the Lair of Beasts on Apr 15, 2022.
             The game lasted 05:47:32 (39163 turns).

Astera the Summoner (Felid Summoner)               Turns: 39163, Time: 05:47:34

Health: -13/55     AC:  7    Str:  4    XL:     12   Next: 25%
Magic:  19/28      EV: 28    Int: 21    God:    Elyvilon [******]
Gold:   1232       SH:  0    Dex: 23    Spells: 3/33 levels left
                                        Lives:  0   Deaths: 3

rFire   . . .      SeeInvis +     - Unarmed
rCold   + . .      Faith    .   (shield unavailable)
rNeg    . . .      Spirit   .   (body armour unavailable)
rPois   .          Reflect  .   (helmet unavailable)
rElec   .          Harm     .   (cloak unavailable)
rCorr   .          Rampage  .   (gloves unavailable)
Will    +....                   (boots unavailable)
Stlth   +++++.....              b - amulet of regeneration
HPRegen 0.98/turn               d - +4 ring of protection
MPRegen 0.21/turn               B - +6 ring of dexterity

@: quick
A: very small, claws 1, fangs 3, see invisible, speed 1, shaggy fur 3, stealthy
paws, no weapons or thrown items, no armour, multi-lived
a: Renounce Religion, Purification, Heal Other, Heal Self, Divine Vigour


You were on level 5 of the Lair of Beasts.
You worshipped Elyvilon.
Elyvilon was exalted by your worship.
You visited 4 branches of the dungeon, and saw 21 of its levels.
You also visited: Ice Cave.

You collected 1494 gold pieces.
You spent 262 gold pieces at shops.

Inventory:

Jewellery
 b - an amulet of regeneration (around neck)
 c - a ring of flight
 d - a +4 ring of protection (left paw)
 q - the amulet "Veibysei" {Acrobat rElec rF- rC+++ Int-2}
   (You found it on level 11 of the Dungeon)

   [amulet of the acrobat]

   It increases your evasion while moving and waiting.
   Int:       It affects your intelligence (-2).
   rF:        It makes you vulnerable to fire.
   rC:        It renders you almost immune to cold.
   rElec:     It insulates you from electricity.
 B - a +6 ring of dexterity (right paw)
 K - an amulet of the acrobat
 L - a +4 ring of evasion
Wands
 a - a wand of charming (7)
 v - a wand of polymorph (7)
 y - a wand of flame (14)
 C - a wand of digging (8)
 D - a wand of iceblast (29)
Scrolls
 e - 7 scrolls of teleportation
 h - 5 scrolls of blinking
 i - a scroll of amnesia
 j - a scroll of immolation {unknown}
 k - 2 scrolls of brand weapon
 o - 5 scrolls of enchant armour
 p - 3 scrolls of identify
 s - 2 scrolls of enchant weapon
 u - 4 scrolls of fear
 w - a scroll of holy word {unknown}
 A - 2 scrolls of magic mapping
 F - 3 scrolls of fog
 H - a scroll of acquirement {unknown}
 J - 2 scrolls of vulnerability {unknown}
Potions
 f - 5 potions of heal wounds
 g - a potion of berserk rage {unknown}
 l - 4 potions of brilliance
 m - 7 potions of lignification
 n - 8 potions of curing
 r - 2 potions of mutation {unknown}
 t - a potion of might
 x - 2 potions of flight {unknown}
 z - 2 potions of ambrosia {unknown}
 E - 3 potions of invisibility
 G - 3 potions of attraction
 I - 2 potions of haste {unknown}
 M - a potion of resistance {unknown}


   Skills:
 - Level 8.0 Fighting
 - Level 11.0 Dodging
 - Level 11.0 Stealth
 - Level 4.0 Unarmed Combat
 + Level 11.1 Spellcasting
 + Level 10.8 Hexes
 + Level 11.2 Summonings
 - Level 10.9 Translocations
 - Level 2.0 Ice Magic
 - Level 2.0 Air Magic
 - Level 7.0 Invocations
 - Level 3.0 Evocations


You had 3 spell levels left.
You knew the following spells:

 Your Spells              Type           Power      Damage    Failure   Level
a - Summon Small Mammal   Summ           100%       N/A       1%          1
b - Cause Fear            Hex            27%        N/A       1%          4
c - Call Canine Familiar  Summ           56%        N/A       1%          3
d - Summon Guardian Gole  Hex/Summ       55%        N/A       1%          3
e - Tukima's Dance        Hex            54%        N/A       1%          3
f - Gell's Gravitas       Tloc           55%        N/A       1%          3
g - Teleport Other        Tloc           55%        N/A       1%          3
h - Summon Lightning Spi  Summ/Air       39%        N/A       3%          4
i - Passage of Golubria   Tloc           55%        N/A       1%          4
j - Ensorcelled Hibernat  Hex/Ice        76%        N/A       1%          2

Your spell library contained the following spells:

 Spells                   Type           Power      Damage    Failure   Level
 Call Imp                 Summ           56%        N/A       1%          2
 Inner Flame              Hex/Fire       34%        N/A       1%          3
 Freeze                   Ice            80%        1d9       2%          1
 Beastly Appendage        Tmut           22%        N/A       6%          1
 Frozen Ramparts          Ice            40%        1d6       8%          3
 Ozocubu's Armour         Ice            20%        N/A       8%          3
 Sublimation of Blood     Necr           11%        N/A       9%          2
 Wereblood                Tmut           11%        N/A       9%          2
 Spider Form              Tmut/Pois      11%        N/A       17%         3
 Summon Ice Beast         Ice/Summ       39%        N/A       3%          4
 Anguish                  Hex/Necr       17%        N/A       6%          4
 Dispersal                Tloc           27%        N/A       10%         6
 Metabolic Englaciation   Hex/Ice        19%        N/A       12%         5
 Yara's Violent Unravell  Hex/Tmut       17%        3d8       17%         5
 Hailstorm                Conj/Ice       15%        3d5       36%         4
 Ice Form                 Ice/Tmut       15%        N/A       36%         4
 Summon Hydra             Summ           28%        N/A       43%         7
 Petrify                  Tmut/Erth      11%        N/A       50%         4
 Enfeeble                 Hex            27%        N/A       50%         7
 Freezing Cloud           Conj/Ice/Air   8%         6-21      67%         5
 Irradiate                Conj/Tmut      5%         3d15      85%         5
 Simulacrum               Ice/Necr       7%         N/A       99%         6
 Discord                  Hex            27%        N/A       99%         8
 Ozocubu's Refrigeration  Ice            10%        4d7       100%        7


Dungeon Overview and Level Annotations

Branches:
Dungeon (14/15)            Temple (1/1) D:7            Lair (5/6) D:9
 Shoals (0/4) Lair:2       Spider (0/4) Lair:2        Slime (0/5) Lair:5
    Orc (1/2) D:12         Vaults (0/5) D:13          IceCv (visited)

Altars:
Ashenzari
Cheibriados
Dithmenos
Elyvilon
Fedhas
Gozag
Hepliaklqana
Kikubaaqudgha
Makhleb
Nemelex Xobeh
Okawaru
Qazlal
Ru
Sif Muna
Trog
Uskayaw
Vehumet
Wu Jian
Xom
Yredelemnul
Zin
The Shining One
Jiyva

Shops:
D:1 [([(   D:5 =   D:14 ?

Annotations:
D:13 1 runed translucent door, exclusion: deep elf annihilator
Lair:4 exclusion: downstairs


Innate Abilities, Weirdness & Mutations

You have sharp claws.
You have razor-sharp teeth.
You have supernaturally acute eyesight. (SInv)
You cover ground quickly. (Speed+)
Your thick and shaggy fur keeps you warm. (AC +3, rC+)
Your paws help you pounce on unaware monsters.
You are incapable of wielding weapons or throwing items.
You cannot wear armour.
You gain extra lives every three experience levels.


Message History

Your guardian golem overheats!
Your wolf bites the water moccasin.
The water moccasin bites your guardian golem.
Flame seeps out of your guardian golem.
Casting: Summon Small Mammal (safe; 1% risk of failure)
Confirm with . or Enter, or press ? or * to list all spells.
Your wolf barely misses the water moccasin.
The water moccasin bites your guardian golem.
Flame seeps out of your guardian golem.
Your wolf barely misses the water moccasin.
You swap places.
The water moccasin bites your guardian golem but does no damage.
Your wolf bites the water moccasin.
Your guardian golem is engulfed in blazing flames.
Flame seeps out of your guardian golem.
You swap places.
Your quokka bites the eight-headed hydra.
Your wolf misses the water moccasin.
The water moccasin closely misses your wolf.
The eight-headed hydra bites your quokka!
Your quokka dies!
Your quokka's corpse disappears in a puff of smoke!
Flame seeps out of your guardian golem. The eight-headed hydra bites you!
The eight-headed hydra bites you but does no damage.
The eight-headed hydra bites you. The eight-headed hydra bites you! x2
The eight-headed hydra bites you but does no damage.
The eight-headed hydra misses you.
Your guardian golem is engulfed in blazing flames.
Flame seeps out of your guardian golem.
Your wolf bites the water moccasin.
The water moccasin closely misses your wolf.
Your wolf bites the water moccasin!
The water moccasin dies!
The eight-headed hydra bites your guardian golem!
Your guardian golem disappears in a puff of smoke!
Your guardian golem explodes!
The fiery explosion engulfs the eight-headed hydra!!!
The fiery explosion engulfs you!!
Ouch! That really hurt!
You die...

#...PP...
........ ......#
#...... #...P# #
#...##.# P.
#..8..#....
####§.......P.
###.§§@..#......
#.#.Dh§.#.......
#.....##.......P
###§.##.#
/.....P. #
###...§####
........
##....#.#
........
###....#.##
.......
####......###
......
........P.#


You could see an eight-headed hydra (ally target), a friendly wolf (summoned,
sheltered) and a friendly lightning spire (summoned, sheltered).

Vanquished Creatures
  Rupert (D:13)
  Nessos (Lair:4)
  A wizard (D:14)
  A deep elf pyromancer (D:12)
  2 black mambas
  A cane toad (Lair:4)
  3 rime drakes
  A hornet (D:9)
  2 blink frogs
  2 dream sheep (Lair:2)
  A water elemental (D:14)
  A shadow (D:11)
  A wyvern (Lair:3)
  5 yaks
  A steam dragon (Lair:4)
  3 water moccasins
  An orc warrior (D:12)
  A wolf (Lair:4)
  2 lemures (D:4)
  A kobold brigand (D:7)
  A bullfrog (Lair:4)
  A scorpion (D:5)
  2 killer bees (D:9)
  A howler monkey (D:10)
  An orc priest (D:9)
  2 orc wizards
  An iguana (D:4)
  3 adders (D:4)
  8 gnolls
  A dart slug (D:2)
  3 orcs
  6 endoplasms
  2 goblins (D:1)
  5 hobgoblins
  A jackal (D:1)
  2 kobolds
  A quokka (D:4)
  3 ball pythons
  4 bats
  3 frilled lizards
  5 rats
88 creatures vanquished.

Vanquished Creatures (collateral kills)
  3 boulder beetles
  2 hydras (Lair:4)
  A two-headed ogre (D:9)
  A centaur warrior (D:14)
  A death yak (Lair:4)
  A necromancer (D:13)
  4 ugly things
  A cyclops (D:14)
  A manticore (D:14)
  A merfolk siren (Lair:2)
  A black mamba (Lair:2)
  2 cane toads (Lair:3)
  An elephant (Lair:4)
  2 rime drakes
  2 unseen horrors
  Psyche (D:11)
  3 komodo dragons
  An anaconda simulacrum (IceCv)
  A troll (D:13)
  10 blink frogs
  2 dream sheep (Lair:2)
  A shadow (D:12)
  A wraith (D:11)
  A water elemental (D:14)
  20 yaks
  3 wyverns
  A nameless horror (D:9)
  A steam dragon (D:8)
  2 wargs
  8 water moccasins
  A sky beast (D:6)
  An ice beast (D:8)
  2 black bears
  2 ogres
  2 orc warriors (D:11)
  10 wolves
  3 centaurs
  2 lemures (D:5)
  A kobold brigand (D:9)
  8 bullfrogs
  2 necrophages (D:3)
  3 scorpions
  A cane toad simulacrum (IceCv)
  4 wights (D:9)
  3 killer bees
  2 howler monkeys
  2 orc priests (D:12)
  4 hounds
  A jelly (D:7)
  A gnoll shaman (D:4)
  An iguana (D:4)
  4 orc wizards
  24 gnolls
  3 adders
  2 worms
  2 dart slugs
  16 orcs
  2 ball pythons (D:1)
  3 bats (D:1)
  3 endoplasms
  A giant cockroach (D:1)
  3 goblins
  9 hobgoblins
  4 jackals (D:4)
  10 kobolds
  2 frilled lizards (D:1)
224 creatures vanquished.

Vanquished Creatures (others)
  2 hydras
  5 two-headed ogres
  Amaemon (D:7)
  Pikel (D:5)
  A deep elf zephyrmancer (D:13)
  The ghost of Morbidden the Slasher, a novice DsFi (D:6)
  2 ugly things (D:11)
  A manticore (D:13)
  2 ice statues (IceCv)
  A cane toad (Lair:4)
  2 dancing weapons
  An orange demon (D:8)
  A gargoyle (D:12)
  Maggie (D:9)
  A freezing wraith (IceCv)
  2 komodo dragons
  A polar bear (Lair:1)
  3 trolls
  A blink frog (Lair:2)
  Prince Ribbit (D:8)
  A shadow (D:12)
  16 yaks
  A wraith (D:6)
  A basilisk (Lair:1)
  Grum (D:8)
  A steam dragon (D:9)
  3 vampire mosquitoes (D:12)
  4 wargs
  Duvessa (D:6)
  2 acid dragons
  3 water moccasins
  A sky beast (D:7)
  5 orc warriors
  3 ice beasts (D:6)
  A black bear (D:6)
  5 centaurs
  2 wolves (D:7)
  A bullfrog (Lair:5)
  3 gnoll sergeants
  A necrophage (D:6)
  A cane toad simulacrum (IceCv)
  Dowan (D:6)
  10 wights
  9 killer bees
  A jelly (D:7)
  Crazy Yiuf (D:5)
  An orc priest (D:9)
  An iguana (D:6)
  5 orc wizards
  A centaur simulacrum (D:9)
  6 gnolls
  8 orcs
  A goblin (D:12)
  A bush (Lair:1)
  20 fungi
  40 plants
194 creatures vanquished.

Grand Total: 506 creatures vanquished

Notes
Turn   | Place    | Note
-------+----------+-------------------------------------------
     0 | D:1      | Astera the Felid Summoner began the quest for the Orb.
     0 | D:1      | Reached XP level 1. HP: 7/7 MP: 4/4
   205 | D:1      | Reached XP level 2. HP: 11/11 MP: 3/6
   264 | D:1      | Found Jyvob's Armour Boutique.
   295 | D:1      | Found Zasatz's Antique Weapon Shoppe.
   309 | D:1      | Learned a level 2 spell: Call Imp
   898 | D:1      | Found Fuwis's Weapon Shop.
   906 | D:1      | Found Utan's Antique Armour Boutique.
   910 | D:1      | Reached XP level 3. HP: 14/14 MP: 3/7
  1873 | D:2      | Upgraded the game from 0.29-a0-317-gd16b76e6b1 to
                  | 0.29-a0-319-gad05b8d819
  1975 | D:2      | Reached XP level 4. HP: 17/18 MP: 3/8
  2067 | D:2      | Identified the +5 ring mail "Dike" {Rampage Int-3 Dex+6}
  2368 | D:2      | Reached skill level 1 in Fighting
  2368 | D:2      | Reached skill level 1 in Unarmed Combat
  2906 | D:3      | Noticed a necrophage
  3426 | D:3      | Killed a necrophage
  3427 | D:3      | Reached XP level 5. HP: 22/22 MP: 6/9
  3586 | D:3      | Reached skill level 1 in Hexes
  3793 | D:4      | Gained mutation: You are covered in thick fur. (AC +2)
                  | [Felid growth]
  3793 | D:4      | Reached XP level 6. HP: 26/26 MP: 9/11
  4335 | D:4      | Reached skill level 5 in Stealth
  5085 | D:4      | Reached skill level 5 in Dodging
  6455 | D:5      | Entered Level 5 of the Dungeon
  6561 | D:4      | Reached XP level 7. HP: 30/30 MP: 4/12
  7070 | D:5      | Reached skill level 5 in Summonings
  7266 | D:5      | Learned a level 3 spell: Call Canine Familiar
  7270 | D:5      | Learned a level 3 spell: Summon Guardian Golem
  7293 | D:5      | Found Fer Wit's Jewellery Boutique.
  7429 | D:5      | Noticed Pikel
  7804 | D:5      | Found a runed translucent door.
  7805 | D:5      | Noticed Crazy Yiuf
  9001 | D:5      | Killed Pikel
  9002 | D:5      | Reached XP level 8. HP: 34/34 MP: 1/13
  9708 | D:6      | Noticed a two-headed ogre
 10233 | D:5      | Killed a two-headed ogre
 10342 | D:6      | Found a transporter.
 10374 | D:6      | Noticed Dowan
 10385 | D:6      | Noticed Duvessa
 10591 | D:6      | Killed Duvessa
 10592 | D:6      | Reached XP level 9. HP: 20/37 MP: 5/16
 10926 | D:6      | Killed Dowan
 11084 | D:6      | Noticed Morbidden's ghost (novice DsFi)
 11108 | D:6      | Found a transporter.
 11260 | D:6      | Learned a level 3 spell: Tukima's Dance
 11718 | D:6      | Reached skill level 5 in Spellcasting
 11987 | D:7      | You fall into a shaft and drop 1 floor!
 12371 | D:7      | Reached skill level 1 in Translocations
 12528 | D:7      | Found a staircase to the Ecumenical Temple.
 12537 | Temple   | Entered the Ecumenical Temple
 12892 | Temple   | Became a worshipper of Elyvilon the Healer
 12948 | D:7      | Found a hide-covered altar of Uskayaw.
 13345 | D:8      | Reached XP level 10. HP: 43/43 MP: 11/18
 13521 | D:8      | Noticed Amaemon
 13735 | D:5      | Killed Crazy Yiuf
 13889 | D:8      | Noticed an orange demon
 13889 | D:8      | Noticed Grum
 14123 | D:7      | Killed Amaemon
 14124 | D:7      | Reached skill level 1 in Invocations
 14936 | D:8      | Killed an orange demon
 14941 | D:8      | Killed Grum
 14942 | D:8      | Reached skill level 1 in Evocations
 15175 | D:8      | Noticed Prince Ribbit
 15271 | D:8      | Killed Prince Ribbit
 15272 | D:8      | Reached skill level 5 in Fighting
 15554 | D:9      | Reached * piety under Elyvilon
 15591 | D:9      | Upgraded the game from 0.29-a0-319-gad05b8d819 to
                  | 0.29-a0-321-gf1c400731a
 15713 | D:9      | Reached skill level 5 in Translocations
 16375 | D:9      | Reached ** piety under Elyvilon
 16637 | D:9      | Reached XP level 11. HP: 47/47 MP: 14/22
 17111 | D:9      | Noticed Maggie
 17127 | D:9      | Killed Maggie
 17267 | D:9      | Found a staircase to the Lair.
 17446 | D:10     | Entered Level 10 of the Dungeon
 18249 | D:10     | Identified the +0 scale mail of Chill Winds {+Inv Will++
                  | Slay-5 Stlth+}
 18399 | D:10     | Noticed a two-headed ogre
 18521 | D:10     | Killed a two-headed ogre
 19388 | D:11     | Reached *** piety under Elyvilon
 19452 | D:11     | Noticed Psyche
 19461 | D:11     | Killed Psyche
 19739 | D:11     | Noticed a two-headed ogre
 19753 | D:11     | Killed a two-headed ogre
 20016 | D:5      | Bought a ring of flight for 262 gold pieces
 20243 | D:9      | Noticed a two-headed ogre
 20274 | D:9      | Reached skill level 10 in Translocations
 20274 | D:9      | Engulfed by their own flame
 20275 | D:9      | Reached XP level 10. HP: 1/44 MP: 3/23
 20362 | D:9      | Noticed a boulder beetle
 21171 | D:11     | Learned a level 3 spell: Gell's Gravitas
 21175 | D:11     | Learned a level 3 spell: Teleport Other
 21295 | D:11     | Noticed a red ugly thing
 21430 | D:11     | Reached **** piety under Elyvilon
 21433 | D:11     | Noticed a white ugly thing
 21661 | D:11     | Reached XP level 11. HP: 44/47 MP: 13/24
 21745 | D:11     | Identified the amulet "Veibysei" {Acrobat rElec rF- rC+++
                  | Int-2}
 21874 | D:11     | Noticed a two-headed ogre
 21886 | D:11     | Noticed a cyan ugly thing
 21936 | D:11     | Elyvilon protects you from harm!
 21936 | D:11     | Killed a cyan ugly thing
 21936 | D:11     | Killed a two-headed ogre
 21937 | D:11     | Reached skill level 1 in Air Magic
 22078 | D:11     | Noticed a boulder beetle
 22267 | D:6      | Killed Morbidden's ghost
 22561 | D:9      | Learned a level 4 spell: Summon Lightning Spire
 22775 | D:9      | Killed a two-headed ogre
 23564 | D:9      | Killed a boulder beetle
 23810 | D:9      | Found a staircase to the Lair.
 24111 | D:12     | Noticed a deep elf pyromancer
 25024 | D:12     | Identified the +0 pair of gloves of the Burning God {rF+
                  | MP+9 Int+3}
 25033 | D:12     | Identified the +5 trident of Vanity {flame, Dex+4}
 25275 | D:12     | HP: 1/48 [gargoyle/stone arrow (30)]
 25277 | D:12     | Elyvilon protects you from harm!
 25689 | D:11     | Killed a red ugly thing
 25778 | D:11     | Killed a white ugly thing
 26135 | Lair:1   | Entered Level 1 of the Lair of Beasts
 26581 | Lair:1   | Reached skill level 10 in Stealth
 27072 | Lair:1   | Reached skill level 10 in Dodging
 27256 | Lair:1   | Reached ***** piety under Elyvilon
 28465 | Lair:2   | Upgraded the game from 0.29-a0-321-gf1c400731a to
                  | 0.29-a0-322-g68df515428
 28589 | Lair:2   | Found a hole to the Spider Nest.
 29433 | D:11     | Elyvilon protects you from harm!
 29448 | D:11     | Killed a boulder beetle
 29449 | D:11     | Gained mutation: Your thick and shaggy fur keeps you warm.
                  | (AC +3, rC+) [Felid growth]
 29449 | D:11     | Reached XP level 12. HP: 14/53 MP: 1/26
 30390 | D:12     | Found a staircase to the Orcish Mines.
 31111 | D:13     | Found a runed translucent door.
 31111 | D:13     | Noticed a deep elf annihilator
 31111 | D:13     | Found the +2 ratskin cloak {*Rats rPois rN+ Str-1 Int-1
                  | Dex+1}
 31119 | D:13     | Noticed a deep troll earth mage
 31119 | D:13     | Found the +7 mace of Variability {chain chaos}
 31142 | D:13     | Learned a level 4 spell: Passage of Golubria
 31405 | D:13     | Noticed a two-headed ogre
 31414 | D:13     | Killed a two-headed ogre
 31420 | D:13     | Noticed Rupert
 31485 | Orc:1    | Entered Level 1 of the Orcish Mines
 31485 | Orc:1    | Noticed an orc warlord
 31554 | D:12     | Upgraded the game from 0.29-a0-322-g68df515428 to
                  | 0.29-a0-323-g050149af67
 32074 | Lair:2   | Learned a level 4 spell: Cause Fear
 32156 | Lair:2   | Found a staircase to the Shoals.
 32173 | Lair:2   | Reached skill level 10 in Spellcasting
 32285 | Lair:2   | Reached skill level 10 in Summonings
 33075 | Lair:3   | Reached ****** piety under Elyvilon
 33110 | Lair:3   | Noticed a boulder beetle
 33135 | Lair:3   | Killed a boulder beetle
 33198 | Lair:3   | Found a frozen archway.
 33291 | IceCv    | Entered an ice cave
 33431 | IceCv    | Found a transporter.
 33440 | IceCv    | Found a transporter.
 33456 | IceCv    | Reached XP level 13. HP: 44/58 MP: 5/28
 33468 | IceCv    | Reached skill level 5 in Invocations
 33518 | IceCv    | Got the Guide on the Snowflakes
 33651 | Lair:3   | Learned a level 2 spell: Ensorcelled Hibernation
 34182 | Lair:4   | Noticed Nessos
 34508 | D:13     | HP: 2/58 [Rupert/+2 battleaxe of distortion (20)]
 34510 | D:13     | Elyvilon protects you from harm!
 34510 | D:13     | Elyvilon protects you from harm!
 34517 | D:13     | HP: 1/58 [Rupert/+2 battleaxe of distortion (9)]
 34523 | D:13     | Killed Rupert
 34920 | D:13     | Found a gate to the Vaults.
 35343 | D:13     | Found a gate to the Vaults.
 35477 | D:14     | Found Hikyleim's Magic Scroll Emporium.
 35522 | D:14     | Shot with an arrow by a centaur warrior
 35523 | D:14     | Reached XP level 12. HP: 0/55 MP: 21/27
 35618 | D:14     | Killed a centaur warrior
 35778 | D:14     | Found an iron altar of Okawaru.
 36049 | D:14     | Identified the +5 quick blade of Wotux {vorpal, rCorr
                  | Stlth+}
 36062 | D:14     | Found a blossoming altar of Fedhas.
 36329 | D:14     | Noticed a five-headed hydra
 36469 | D:14     | Noticed a four-headed hydra
 36481 | D:14     | Killed a four-headed hydra
 36482 | D:14     | Reached skill level 1 in Ice Magic
 37155 | Lair:4   | Noticed a five-headed hydra
 37408 | Lair:4   | Reached skill level 10 in Hexes
 37590 | Lair:4   | Noticed a seven-headed hydra
 37627 | Lair:4   | Upgraded the game from 0.29-a0-323-g050149af67 to
                  | 0.29-a0-334-gb41bcbb86e
 37647 | Lair:4   | Killed a five-headed hydra
 37823 | Lair:4   | Elyvilon protects you from harm!
 37971 | Lair:4   | Reached XP level 13. HP: 52/58 MP: 15/28
 38595 | Lair:4   | HP: 2/58 [Nessos/arrow (18)]
 38595 | Lair:4   | Shot with an arrow by Nessos
 38596 | Lair:4   | Reached XP level 12. HP: -2/55 MP: 21/28
 38754 | Lair:4   | Killed Nessos
 38874 | Lair:5   | Found a staircase to the Slime Pits.
 38874 | Lair:5   | Found a viscous altar of Jiyva.
 38959 | Lair:5   | Noticed a death yak
 38959 | Lair:5   | Noticed a death yak
 38959 | Lair:5   | Noticed a death yak
 38959 | Lair:5   | Noticed a death yak
 38959 | Lair:5   | Noticed a death yak
 38977 | Lair:4   | Killed a death yak
 39148 | Lair:5   | Noticed an eight-headed hydra
 39163 | Lair:5   | Killed by an exploding themself... ignited by their inner
                  | flame

Illustrated notes

Levels and vault maps discovered:
D:1:      scummos_arrival_forest, layout_basic, serial_shops,
          nicolae_shop_advertising_works [nicolae_subvault_shop_adworks], shop,
          nicolae_shop_bloodbath_and_beyond,
          nicolae_shop_temple_entry_statues_fountains, minmay_circled_x
D:2:      layout_loops_cross, serial_glass, glass_columns_b, glass_columns_c,
          glass_columns_b, glass_columns_b, grunt_decor_fettered,
          minmay_misc_feat_four_crosses, lightli_corner_chamber
D:3:      layout_basic
D:4:      layout_basic
D:5:      layout_rooms, serial_shops, nicolae_diamond_shop, uniq_pikel,
          uniq_crazy_yiuf_cottage
D:6:      layout_loops_ring, gammafunk_ghost_arena, skrybe_limestone_x,
          uniq_duvessa
D:7:      layout_rooms, mainiacjoe_overflow_alcove_2,
          minmay_temple_entry_junction, nicolae_underground_beach
D:8:      layout_cave_pools, uniq_amaemon, uniq_prince_ribbit1, uniq_grum
D:9:      layout_grid_maze, david_lair_shrubbed, evilmike_minifort, uniq_maggie
D:10:     layout_loops_ring
D:11:     layout_irregular_city, nooodl_orcs_dogs, uniq_psyche
D:12:     layout_rooms, erik_orc_3, kennysheep_generic_room_7
D:13:     minmay_gate_of_8, layout_cave_pools, david_vaults_1,
          kennysheep_generic_room_12, uniq_rupert
D:14:     kennysheep_four_of_diamonds, layout_irregular_city,
          okawaru_ov_weapons_minmay, serial_shops, nicolae_stop_n_shop_2,
          fedhas_altar_1
Temple:   nicolae_temple_the_god_donut
Lair:1:   layout_cave_pods, serial_bayou_shore_b
Lair:2:   layout_roguey, minmay_shoals_entry_lonely_mermaid,
          spider_nest_entry_web_field, st_stairs_3, lemuel_old_faithful,
          serial_bayou_shore_b, grunt_megastairs_5
Lair:3:   wander_river, layout_regular_city, portal_ice_cave_rime
Lair:4:   layout_regular_city, beast_lair_carwin_6, grunt_megastairs_2,
          uniq_nessos
Lair:5:   layout_cave_pods, slime_altar_1, kilobyte_rumbling_trees,
          serial_bayou_shore_a, grunt_megastairs_1
Orc:1:    layout_diamond_mine, serial_shops, nicolae_lakefront_shop

Skill      XL: |  1  2  3  4  5  6  7  8  9 10 11 12 13 |
---------------+----------------------------------------+-----
Dodging        | 3 4 5 7 8 9 10 11 | 11.0
Stealth        | 3 4 5 6 7 9 10 11 | 11.0
Fighting       | 1 2 3 4 5 6 7 8 |  8.0
Unarmed Combat | 1 2 3 4 |  4.0
Hexes          | 1 2 8 9 10 | 10.8
Spellcasting   | 3 4 5 6 9 10 11 | 11.1
Summonings     | 5 6 7 8 9 11 | 11.2
Translocations | 3 7 10 | 10.9
Invocations    | 3 4 7 5 |  7.0
Evocations     | 2 3 |  3.0
Air Magic      | 2 |  2.0
Ice Magic      | 2 |  2.0

Action                   |  1- 3 |  4- 6 |  7- 9 | 10-12 | 13-15 || total
-------------------------+-------+-------+-------+-------+-------++-------
Melee: Unarmed           |    56 |    78 |    50 |   269 |    20 ||   473
       Bite              |     7 |     6 |     6 |    47 |     3 ||    69
       Punch             |       |     1 |       |     7 |     1 ||     9
 Cast: Summon Small Mamm |    47 |   109 |   128 |   330 |    13 ||   627
       Call Imp          |    10 |    30 |    34 |       |       ||    74
       Call Canine Famil |       |       |    31 |   199 |    15 ||   245
       Summon Guardian G |       |       |    32 |   215 |    18 ||   265
       Summon Lightning  |       |       |       |    73 |    21 ||    94
       Gell's Gravitas   |       |       |       |     7 |       ||     7
       Tukima's Dance    |       |       |       |     5 |     3 ||     8
       Teleport Other    |       |       |       |     1 |       ||     1
       Cause Fear        |       |       |       |     4 |     2 ||     6
       Passage of Golubr |       |       |       |     3 |       ||     3
       Ensorcelled Hiber |       |       |       |     2 |     1 ||     3
Invok: Heal Self         |       |       |       |     3 |     2 ||     5
       Divine Vigour     |       |       |       |       |     1 ||     1
Evoke: Wand              |       |       |       |     1 |     2 ||     3
  Use: Scroll            |     2 |     1 |     1 |    15 |     1 ||    20
       Potion            |       |       |       |     6 |     4 ||    10
 Stab: Sleeping          |     3 |    14 |     2 |    18 |     4 ||    41
       Distracted        |     1 |     4 |     4 |     9 |     1 ||    19
Armor: Skin              |     4 |     5 |     8 |    43 |    11 ||    71
Dodge: Dodged            |    66 |    66 |    92 |   561 |    65 ||   850

Table legend: (Time is in decaauts)
 A = Elapsed time spent in this place.
 B = Non-inter-level travel time spent in this place.
 C = Inter-level travel time spent in this place.
 D = Time resting spent in this place.
 E = Time spent auto-exploring this place.
 F = Levels seen in this place.
 G = Mean time per level.
                   A        B        C        D        E       F      G
               +--------+--------+--------+--------+--------+-----+--------+
         Total |  34265 |  30614 |   3651 |   7692 |   6198 |  22 | 1557.5 |
       Dungeon |  27412 |  24258 |   3154 |   6643 |   4453 |  14 | 1958.0 |
        Temple |    299 |    286 |     13 |      0 |    180 |   1 |  299.0 |
          Lair |   6214 |   5731 |    483 |    821 |   1563 |   5 | 1242.8 |
  Orcish Mines |      2 |      2 |      0 |      0 |      0 |   1 |    2.0 |
      Ice Cave |    336 |    336 |      0 |    228 |      0 |   1 |  336.0 |
               +--------+--------+--------+--------+--------+-----+--------+

Top non-repeatable levels by time:
     D:9: 4239 daAuts
     D:4: 3936 daAuts
    D:11: 3936 daAuts
     D:5: 2009 daAuts
  Lair:1: 1976 daAuts
     D:7: 1875 daAuts
     D:6: 1751 daAuts
  Lair:4: 1713 daAuts
    D:10: 1682 daAuts
    D:12: 1599 daAuts
     D:1: 1356 daAuts
    D:13: 1335 daAuts
  Lair:2: 1329 daAuts
     D:3: 1106 daAuts
  Lair:3: 1021 daAuts
